 Dungeon Crawl Stone Soup version 0.21-a0-400-g417d9d2 (webtiles) character file.

11634 sagitran the Carver (level 11, 0/84 HPs)
             Began as a Demonspawn Gladiator on Oct 20, 2017.
             Killed from afar by a lindwurm (38 damage)
             ... with a blast of flame
             ... in a volcano.
             The game lasted 01:10:32 (11956 turns).

sagitran the Carver (Demonspawn Gladiator)         Turns: 11956, Time: 01:10:34

Health: 0/84       AC: 11    Str: 20    XL:     11   Next: 51%
Magic:  15/15      EV: 26    Int:  9    God:
Gold:   504        SH:  0    Dex: 23    Spells: 12/15 levels left

rFire    . . .     SeeInvis .   q - +5 scimitar (flame)
rCold    . . .     Gourm    .   (no shield)
rNeg     + . .     Faith    .   w - +1 animal skin
rPois    .         Spirit   .   c - +2 helmet
rElec    .         Reflect  .   B - +0 cloak
rCorr    .         Harm     .   (no gloves)
MR       .....                  o - +0 pair of boots
Stlth    +++++.....             (no amulet)
HPRegen  0.24/turn              p - ring of positive energy
MPRegen  0.14/turn              x - +3 ring of protection

@: mighty, agile, flying, hasted, very quick
A: claws 1, repulsion field 2, demonic guardian 2
a: no special abilities


You were in a volcano.
You were not hungry.

You visited 3 branches of the dungeon, and saw 12 of its levels.
You also visited: Volcano.

You collected 504 gold pieces.

Inventory:

Hand Weapons
 a - a +2 long sword
 q - a +5 scimitar of flaming (weapon)
 F - a +2 battleaxe
Missiles
 K - a throwing net (quivered)
Armour
 b - a +0 leather armour
 c - a +2 helmet (worn)
 g - a +0 buckler
 k - a +0 ring mail
 o - a +0 pair of boots (worn)
 w - a +1 animal skin (worn)
 B - a +0 cloak (worn)
Jewellery
 p - a ring of positive energy (left claw)
 x - a +3 ring of protection (right claw)
 E - an uncursed ring of flight
 O - a +4 ring of strength
Wands
 y - a wand of iceblast (5/15)
 z - a wand of polymorph (11/24)
 D - a wand of paralysis (19/24)
 H - a wand of disintegration (3/24)
 J - a wand of lightning (7/15)
 Q - a wand of lightning (12/15)
Scrolls
 i - 8 scrolls of remove curse
 l - a scroll of teleportation
 A - 2 scrolls of fog
 G - 2 scrolls of noise {unknown}
 L - a scroll of recharging
 N - 3 scrolls of amnesia
Potions
 h - a potion of cancellation
 s - 2 potions of brilliance
 I - a potion of heal wounds
 P - 3 potions of flight
Books
 n - a book of Cantrips

   Spells                             Type                      Level
   a - Confusing Touch                Hexes                        1
   b - Animate Skeleton               Necromancy                   1
   c - Summon Small Mammal            Summoning                    1
   d - Apportation                    Translocation                1
 C - the Almanac of the Supportive Oath
   (You found it on level 9 of the Dungeon)

   Spells                             Type                      Level
   a - Summon Small Mammal            Summoning                    1
   b - Summon Guardian Golem          Hexes/Summoning              3
   c - Inner Flame                    Hexes/Fire                   3
   d - Call Canine Familiar           Summoning                    3
   e - Cause Fear                     Hexes                        4
   f - Yara's Violent Unravelling     Hexes/Transmutation          5
 M - a book of Conjurations

   Spells                             Type                      Level
   a - Magic Dart                     Conjuration                  1
   b - Searing Ray                    Conjuration                  2
   c - Dazzling Spray                 Conjuration/Hexes            3
   d - Fulminant Prism                Conjuration/Hexes            4
   e - Force Lance                    Conjuration/Translocation    4
   f - Iskenderun's Mystic Blast      Conjuration                  4
Comestibles
 f - 8 bread rations
 j - 6 royal jellies
 m - 2 meat rations
 r - 2 fruits


   Skills:
 + Level 7.6 Fighting
 + Level 11.9 Long Blades
 + Level 2.7 Throwing
 + Level 2.1 Armour
 + Level 6.8 Dodging
 + Level 6.5 Stealth
 + Level 2.8 Spellcasting
 + Level 2.9 Necromancy
 + Level 0.1 Evocations


You had 12 spell levels left.
You knew the following spells:

 Your Spells              Type           Power        Failure   Level  Hunger
a - Animate Skeleton      Necr           N/A          10%         1    ##.....
b - Searing Ray           Conj           #.....       43%         2    ###....


Dungeon Overview and Level Annotations

Branches:
Dungeon (9/15)             Temple (1/1) D:4            Lair (2/6) D:9
  Swamp: Lair:2-4    Shoals: Lair:2-4     Snake: Lair:2-4    Spider: Lair:2-4
    Orc: D:9-12

Altars:
Ashenzari
Cheibriados
Dithmenos
Elyvilon
Fedhas
Gozag
Hepliaklqana
Kikubaaqudgha
Makhleb
Nemelex Xobeh
Okawaru
Qazlal
Ru
Sif Muna
Trog
Uskayaw
Vehumet
Wu Jian
Xom
Yredelemnul
Zin
The Shining One

Shops:
D:5 *


Innate Abilities, Weirdness & Mutations

You have sharp fingernails.
You are surrounded by a moderate repulsion field. (EV +3)
A demonic guardian rushes to your aid.


Message History

Throwing (i - inventory. (,) - cycle):
t - a tomahawk (quivered)
Press: ? - help, Shift-Dir - straight line, f/p - lava snake
Aim: a lava snake (lava, moderately wounded)
You throw a tomahawk. The tomahawk misses the lava snake.
You hear a sizzling splash.
You are engulfed in a cloud of scalding steam.
The fire bat bites your soul eater but does no damage.
Your soul eater completely misses the fire bat.
You are engulfed in a cloud of scalding steam.
The fire bat barely misses your soul eater.
Your soul eater is engulfed in a cloud of scalding steam.
Your soul eater hits the fire bat!!
The fire bat dies!
The fire bat bites your soul eater but does no damage.
Your orange demon is engulfed in a cloud of scalding steam.
The lindwurm breathes flames at you.
The blast of flame misses the fire bat.
The blast of flame hits your soul eater.
The blast of flame hits you!
You die... ≈≈≈§ ≈ ≈≈ ####### ≈≈ +.....+ .8D8. kD.

#b# #3# .§≈§§≈≈ #@# #.≈§§§§§ #§#
#.≈≈§§§§§ #4# #.≈≈§≈≈§≈ #.#
#.≈≈≈≈≈§≈ #.# #.≈§≈≈≈≈≈ ≈§
######'########.≈≈§≈≈§§
§§≈≈§≈≈≈.................≈≈≈≈§≈≈§
≈§≈≈≈§§§≈§§.≈≈≈≈S≈§≈≈≈≈≈≈.≈§≈§≈≈≈
§≈§≈≈≈≈≈§§≈≈≈≈≈§§§≈≈≈≈§≈≈≈..§§≈≈§


You could see a lindwurm, 2 steam dragons, a fire bat, a lava snake, a friendly
soul eater and a friendly orange demon.

Vanquished Creatures
  A two-headed ogre (D:9)
  Nergalle (Lair:2)
  A black mamba (Lair:1)
  Maurice (D:8)
  3 blink frogs (Lair:2)
  A hippogriff (D:9)
  4 yaks
  A spriggan (D:8)
  A soldier ant (Lair:2)
  4 hell hounds
  3 water moccasins
  2 porcupines
  2 ice beasts
  A black bear (D:6)
  An ogre (D:7)
  An eye of draining (D:9)
  A necrophage (D:6)
  3 wolves (Lair:2)
  A centaur (D:7)
  A crocodile (Lair:2)
  A big kobold (D:9)
  5 bullfrogs
  A wyvern zombie (D:9)
  A scorpion (D:7)
  A wyvern skeleton (D:8)
  2 electric eels (Lair:1)
  6 wights
  2 howler monkeys (D:6)
  A crimson imp (D:9)
  2 vampire bats (D:4)
  A lava snake (Volcano)
  A bullfrog zombie (D:9)
  2 hounds
  2 orc priests
  A centaur skeleton (D:5)
  16 worker ants
  Natasha (twice) (D:2)
  A hound skeleton (D:4)
  2 worker ant zombies
  A howler monkey zombie (D:9)
  Robin (D:4)
  4 gnolls (D:5)
  10 adders
  A howler monkey skeleton (D:8)
  3 shadow imps
  An ooze (D:4)
  4 adder skeletons
  2 adder zombies
  4 worms
  A dart slug (D:2)
  3 leopard geckos
  22 orcs
  4 ball pythons
  3 bat skeletons (D:4)
  A bat zombie (D:4)
  4 giant cockroaches
  21 goblins
  11 hobgoblins
  6 jackals
  10 kobolds
  2 quokkas
  10 bats
  8 frilled lizards
  A leopard gecko skeleton (D:4)
  A quokka skeleton (D:7)
  9 rats
232 creatures vanquished.

Vanquished Creatures (collateral kills)
  A two-headed ogre (D:9)
  A queen ant (Lair:2)
  Erica (D:8)
  A spiny frog (Lair:1)
  Grinder (D:6)
  A hippogriff (D:7)
  18 yaks
  A wyvern (D:8)
  A fire bat (Volcano)
  A basilisk (Lair:2)
  A water moccasin (Lair:2)
  A soldier ant (Lair:2)
  2 orc warriors
  An ice beast (D:6)
  A phantom (D:9)
  An ogre (D:6)
  3 centaurs
  2 scorpions
  3 wights (D:6)
  2 orc priests
  A hound (D:6)
  A centaur skeleton (D:4)
  An iguana (D:4)
  3 orc wizards
  6 worker ants (Lair:2)
  9 orcs
  A frilled lizard (D:5)
66 creatures vanquished.

Vanquished Creatures (others)
  3 fungi (Lair:2)
3 creatures vanquished.

Grand Total: 301 creatures vanquished

Notes
Turn   | Place    | Note
-------+----------+-------------------------------------------
     0 | D:1      | sagitran the Demonspawn Gladiator began the quest for the Orb.
     0 | D:1      | Reached XP level 1. HP: 16/16 MP: 1/1
   578 | D:1      | Reached skill level 3 in Long Blades
   587 | D:1      | Gained mutation: You are surrounded by a mild repulsion field. (EV +2) [demonic ancestry]
   587 | D:1      | Reached XP level 2. HP: 18/22 MP: 2/2
  1232 | D:2      | Reached XP level 3. HP: 27/27 MP: 3/3
  1421 | D:2      | Found a bloodstained altar of Trog.
  1423 | D:2      | Found a hazy altar of Hepliaklqana.
  1534 | D:2      | Noticed Natasha
  1555 | D:2      | Killed Natasha
  1555 | D:2      | Reached XP level 4. HP: 21/34 MP: 4/4
  1654 | D:2      | Noticed Natasha
  1664 | D:2      | Killed Natasha
  1664 | D:2      | Reached skill level 1 in Armour
  1878 | D:2      | Found a shimmering altar of Xom.
  2188 | D:3      | Reached skill level 4 in Long Blades
  2507 | D:3      | Gained mutation: A weak demonic guardian rushes to your aid. [demonic ancestry]
  2507 | D:3      | Reached XP level 5. HP: 39/39 MP: 5/5
  2667 | D:4      | Reached skill level 1 in Stealth
  3240 | D:4      | Gained mutation: You have sharp fingernails. [demonic ancestry]
  3240 | D:4      | Reached XP level 6. HP: 44/46 MP: 6/6
  3302 | D:4      | Found a staircase to the Ecumenical Temple.
  3315 | Temple   | Entered the Ecumenical Temple
  3669 | D:4      | Noticed Robin
  3896 | D:4      | Killed Robin
  4067 | D:4      | Found an ancient bone altar of Kikubaaqudgha.
  4079 | D:4      | Reached skill level 5 in Long Blades
  4194 | D:5      | Entered Level 5 of the Dungeon
  4210 | D:5      | Found a shattered altar of Ashenzari.
  4704 | D:5      | Found Tenolex's Assorted Antiques.
  4730 | D:5      | Gained mutation: A demonic guardian rushes to your aid. [demonic ancestry]
  4730 | D:5      | Reached XP level 7. HP: 52/52 MP: 7/7
  5170 | D:6      | Reached skill level 6 in Long Blades
  5548 | D:6      | Found a shattered altar of Ashenzari.
  5637 | D:6      | Reached XP level 8. HP: 49/60 MP: 8/8
  5680 | D:6      | Reached skill level 7 in Long Blades
  6221 | D:6      | Noticed Grinder
  6235 | D:6      | Killed Grinder
  6756 | D:7      | Noticed a hippogriff
  6764 | D:7      | Killed a hippogriff
  6764 | D:7      | Reached skill level 8 in Long Blades
  6764 | D:7      | Reached skill level 5 in Dodging
  7003 | D:7      | Found a blossoming altar of Fedhas.
  7062 | D:7      | Found a sparkling altar of Nemelex Xobeh.
  7100 | D:7      | Reached XP level 9. HP: 57/66 MP: 9/9
  7387 | D:8      | Noticed Maurice
  7724 | D:8      | Reached skill level 5 in Fighting
  8048 | D:8      | Reached skill level 9 in Long Blades
  8362 | D:8      | Noticed Erica
  8382 | D:8      | Killed Erica
  8489 | D:8      | Killed Maurice
  8720 | D:9      | Noticed a two-headed ogre
  8727 | D:9      | Killed a two-headed ogre
  8727 | D:9      | Gained mutation: You are surrounded by a moderate repulsion field. (EV +3) [demonic ancestry]
  8727 | D:9      | Reached XP level 10. HP: 35/76 MP: 10/10
  8745 | D:9      | Noticed a two-headed ogre
  8756 | D:9      | Killed a two-headed ogre
  8756 | D:9      | Reached skill level 10 in Long Blades
  8756 | D:9      | Reached skill level 5 in Stealth
  8762 | D:9      | Identified the Almanac of the Supportive Oath
  8769 | D:9      | Learned a level 1 spell: Animate Skeleton
  8840 | D:9      | Found a staircase to the Lair.
  8858 | D:9      | HP: 2/76 [hell hound/blast of flame (12)]
  9571 | Lair:1   | Entered Level 1 of the Lair of Beasts
  9824 | Lair:1   | Noticed a black mamba
  9833 | Lair:1   | Killed a black mamba
  9833 | Lair:1   | Reached skill level 1 in Spellcasting
  9833 | Lair:1   | Reached skill level 1 in Necromancy
 10044 | Lair:1   | Learned a level 2 spell: Searing Ray
 10199 | Lair:1   | Noticed a spiny frog
 10856 | Lair:1   | Killed a spiny frog
 10856 | Lair:1   | Reached skill level 11 in Long Blades
 10881 | Lair:2   | Noticed a queen ant
 10909 | Lair:2   | Killed a queen ant
 10909 | Lair:2   | Reached XP level 11. HP: 37/83 MP: 14/14
 11445 | Lair:2   | Noticed Nergalle
 11463 | Lair:2   | Killed Nergalle
 11518 | Lair:2   | Found a dark tunnel.
 11527 | Volcano  | Entered a volcano
 11946 | Volcano  | Found a burning altar of Makhleb.
 11946 | Volcano  | Noticed a lindwurm
 11956 | Volcano  | Killed from afar by a lindwurm

Vault maps used:
D:1:      dpeg_arrival_water_fire, minivault_24
D:2:      grunt_temple_overflow_open, first_bread, tgw_xom, uniq_natasha
D:4:      kennysheep_vampire_church, minmay_temple_entry_statues_fountains,
          uniq_robin
D:5:      ashenzari_conservatory_becter, serial_shops,
          nicolae_shop_overgrown_old_shop
D:6:      black_bear_nest_1, cheibrodos_ashenzari_chains, uniq_grinder
D:7:      overflow_temple_1_default, nemelex_xobeh_ov_fountains_minmay
D:8:      special_room, serial_glass, glass_columns_a, glass_columns_a,
          the_bakery, uniq_erica, uniq_maurice
D:9:      minmay_lair_entry_lava
Temple:   eino_temple_rhombus
Lair:1:   fungi_pond_lemuel, serial_bayou_shore_a
Lair:2:   enter_volcano_3, minmay_another_anthill, uniq_nergalle
Volcano:  volcano_lake

Skill      XL: |  1  2  3  4  5  6  7  8  9 10 11 |
---------------+----------------------------------+-----
Long Blades    | 3 4 5 6 8 9 11 | 11.9
Dodging        | 3 4 5 6 |  6.8
Armour         | 1 2 |  2.1
Stealth        | 1 2 3 4 6 |  6.5
Fighting       | 3 4 5 6 7 |  7.6
Throwing       | 2 |  2.7
Spellcasting   | 2 |  2.8
Necromancy     | 2 |  2.9
Evocations     | |  0.1

Action                   |  1- 3 |  4- 6 |  7- 9 | 10-12 || total
-------------------------+-------+-------+-------+-------++-------
Melee: Long sword        |   106 |   234 |   327 |       ||   667
       Scimitar          |       |       |    10 |   203 ||   213
Throw: Throwing net      |     2 |     2 |     2 |     2 ||     8
       Tomahawk          |       |       |     7 |    13 ||    20
 Cast: Animate Skeleton  |       |       |       |    17 ||    17
Evoke: Wand              |       |       |     1 |       ||     1
  Use: Scroll            |     4 |       |    13 |     5 ||    22
       Potion            |       |     1 |     4 |     8 ||    13
 Stab: Distracted        |     1 |       |       |     1 ||     2
       Held in net/web   |     2 |     3 |     1 |     2 ||     8
       Sleeping          |       |     4 |     3 |     3 ||    10
       Paralysed         |       |       |     8 |       ||     8
  Eat: Chunk             |     2 |    10 |     8 |       ||    20
       Fruit             |       |     1 |       |       ||     1
       Bread ration      |       |       |     2 |     1 ||     3
       Meat ration       |       |       |       |     1 ||     1
Armor: Leather armour    |    35 |    78 |       |       ||   113
       Animal skin       |       |    11 |    78 |    33 ||   122
Dodge: Dodged            |    83 |   260 |   268 |   164 ||   775
       Rpst.: Long sword |    27 |    89 |    78 |       ||   194
       Scimitar          |       |       |     3 |    50 ||    53

Table legend:
 A = Spawn XP
 B = Non-spawn XP
 C = Spawn XP percentage of total XP
 D = Spawn monster count
 E = Non-spawn monster count
 F = Spawn count percentage of total count
 G = Total turns spent on level
                    A         B        C        D         E        F      G
               +---------+---------+-------+---------+---------+-------+---------
         Total |       0 |   16620 |   0.0 |       0 |     298 |   0.0 | 11956
               +---------+---------+-------+---------+---------+-------+---------
           D:1 |       0 |      14 |   0.0 |       0 |      10 |   0.0 |   767
           D:2 |       0 |     145 |   0.0 |       0 |      34 |   0.0 |  1330
           D:3 |       0 |      81 |   0.0 |       0 |      37 |   0.0 |   756
           D:4 |       0 |     338 |   0.0 |       0 |      24 |   0.0 |  1142
           D:5 |       0 |     271 |   0.0 |       0 |      14 |   0.0 |   870
           D:6 |       0 |    1320 |   0.0 |       0 |      35 |   0.0 |  1501
           D:7 |       0 |     773 |   0.0 |       0 |      20 |   0.0 |   854
           D:8 |       0 |    1908 |   0.0 |       0 |      32 |   0.0 |  1198
           D:9 |       0 |    2819 |   0.0 |       0 |      24 |   0.0 |   954
        Lair:1 |       0 |    2658 |   0.0 |       0 |      19 |   0.0 |  1307
        Lair:2 |       0 |    6051 |   0.0 |       0 |      47 |   0.0 |   649
       Volcano |       0 |     242 |   0.0 |       0 |       2 |   0.0 |   429
               +---------+---------+-------+---------+---------+-------+---------
